 Dungeon Crawl Stone Soup version 0.30-a0-210-g01b79a254e (webtiles) character file.

Game seed: 7506575939333309409

11 zishaf the Sneak (level 2, -2/15 HPs)
             Began as a Vine Stalker Brigand on Oct 4, 2022.
             Slain by a gnoll
             ... wielding a +0 flail of protection
              (11 damage)
             ... on level 1 of the Dungeon.
             The game lasted 00:00:35 (84 turns).

zishaf the Sneak (Vine Stalker Brigand)               Turns: 84, Time: 00:00:36

Health: -2/15      AC:  3    Str: 13    XL:     2   Next: 25%
Magic:  0/3        EV: 11    Int: 11    God:
Gold:   17         SH:  0    Dex: 15    Spells: 1/1 levels left

rFire   . . .      SeeInvis .    a - +2 dagger
rCold   . . .      Faith    .    (no shield)
rNeg    . . .      Spirit   +    b - +0 robe
rPois   .          Reflect  .    (no helmet)
rElec   .          Harm     .    c - +0 cloak
rCorr   .          Rampage  .    (no gloves)
Will    .....                    (no boots)
Stlth   +++.......               (no amulet)
HPRegen 0.22/turn                (no ring)
MPRegen 0.08/turn                (no ring)

@: no status effects
A: fangs 2, magic shield, antimagic bite, no potion heal 2
a: no special abilities


You were on level 1 of the Dungeon.
You visited 1 branch of the dungeon, and saw 1 of its levels.

You collected 17 gold pieces.

Inventory:

Hand Weapons
 a - a +2 dagger (weapon)
Missiles
 d - 9 poisoned darts (quivered)
 e - 3 curare-tipped darts
Armour
 b - a +0 robe (worn)
 c - a +0 cloak (worn)
Potions
 f - a potion of flight {unknown}


   Skills:
 + Level 2.0 Fighting
 + Level 2.0 Short Blades
 - Level 2.0 Throwing
 - Level 1.0 Dodging
 - Level 5.0 Stealth


You had one spell level left.
You didn't know any spells.
Your spell library contained the following spells:

 Spells                   Type           Power      Damage    Failure   Level
 Ignite Poison            Fire/Tmut/Pois 0%         N/A       71%         3
 Kindle Blastsparks       Fire/Tloc/Air  0%         2d10      71%         3
 Freezing Cloud           Conj/Ice/Air   0%         6-21      100%        5


Dungeon Overview and Level Annotations

Branches:
Dungeon (1/15)

Altars:


Innate Abilities, Weirdness & Mutations

You have extremely sharp teeth.
When hurt, damage is shared between your health and your magic reserves.
Your bite disrupts and absorbs the magic of your enemies.
Potions cannot restore your health.


Message History

The jackal is heavily wounded.
The jackal barely misses you.
You hit the jackal. You bite the jackal.
You kill the jackal!
A jackal comes into view.
Training target 1.0 for Dodging reached!
Your Dodging skill increases to level 1!
You have reached level 2!
You closely miss the jackal. You bite the jackal.
You kill the jackal!
Training target 5.0 for Stealth reached!
Training target 2.0 for Throwing reached!
Your Fighting skill increases to level 2!
Your Throwing skill increases to level 2!
Your Stealth skill increases to level 5!
You closely miss the kobold. You bite the kobold.
You kill the kobold!
Your Short Blades skill increases to level 2!
The jackal bites you but does no damage.
Things that are here:
a +0 short sword; 4 stones; a kobold corpse You hit the jackal.
The jackal is severely wounded.
The jackal barely misses you. x2
You hit the jackal.
You kill the jackal!
No target in view!
A gnoll comes into view.
It is wielding a +0 flail of protection.
You barely miss the gnoll. The gnoll closely misses you.
You hit the gnoll.
The gnoll is lightly wounded.
The gnoll closely misses you.
You hit the gnoll.
The gnoll is moderately wounded.
The gnoll hits you with a +0 flail of protection!
You closely miss the gnoll. Your punch misses the gnoll.
The gnoll is moderately wounded.
The gnoll hits you with a +0 flail of protection!
Ouch! That really hurt!
You die...

........#. #........#
#......#.#.#######.
#........#.#.$....
#................ ...
####...............
#)..
........g##......##...#
###......@# #.....#...#
..........# #........#
..........# #.†....#
.##.!....## #.....#.#
#####...###†....#P#.#
##>...)......^.^.
#..###...#......
##...##.#######.
##..........#


You could see a gnoll.

Vanquished Creatures
  2 ball pythons (D:1)
  A hobgoblin (D:1)
  3 jackals (D:1)
  3 kobolds (D:1)
9 creatures vanquished.

Notes
Turn   | Place    | Note
-------+----------+-------------------------------------------
     0 | D:1      | zishaf the Vine Stalker Brigand began the quest for the
                  | Orb.
     0 | D:1      | Reached XP level 1. HP: 11/11 MP: 2/2
    67 | D:1      | Reached skill level 1 in Dodging
    67 | D:1      | Reached XP level 2. HP: 14/15 MP: 3/3
    68 | D:1      | Reached skill level 5 in Stealth
    84 | D:1      | Slain by a gnoll

Illustrated notes

Levels and vault maps discovered:
D:1:      dpeg_arrival_radiant, layout_rooms,
          shapermc_ecumenical_altar_rom_forum

Skill      XL: |  1  2 |
---------------+-------+-----
Dodging        | 1 |  1.0
Fighting       | 2 |  2.0
Throwing       | 2 |  2.0
Stealth        | 5 |  5.0
Short Blades   | 2 |  2.0

Action                   || total
-------------------------++-------
Melee: Dagger            ||    26
       Bite              ||     7
Armor: Robe              ||     4
Dodge: Dodged            ||    20

Table legend: (Time is in decaauts)
 A = Elapsed time spent in this place.
 B = Non-inter-level travel time spent in this place.
 C = Inter-level travel time spent in this place.
 D = Time resting spent in this place.
 E = Time spent auto-exploring this place.
 F = Levels seen in this place.
 G = Mean time per level.
                   A        B        C        D        E       F      G
               +--------+--------+--------+--------+--------+-----+--------+
         Total |     81 |     81 |      0 |      0 |     37 |   1 |   81.0 |
       Dungeon |     81 |     81 |      0 |      0 |     37 |   1 |   81.0 |
               +--------+--------+--------+--------+--------+-----+--------+

Top non-repeatable levels by time:
     D:1: 81 daAuts
